 Dungeon Crawl Stone Soup version 0.31.0-11-ge490571c62 (webtiles) character file.

Game seed: 6293585596503868147

186 Arcadio the Sneak (level 5, -10/42 HPs)
             Began as a Naga Ice Elementalist on Jan 29, 2024.
             Was a Follower of Elyvilon.
             Killed by divine providence
             ... invoked by an orc priest
              (12 damage)
             ... on level 3 of the Dungeon.
             The game lasted 00:07:50 (2891 turns).

Arcadio the Sneak (Naga Ice Elementalist)           Turns: 2891, Time: 00:07:51

Health: -10/42     AC:  4    Str: 10    XL:     5   Next: 66%
Magic:  1/10       EV: 10    Int: 17    God:    Elyvilon [*.....]
Gold:   61         SH:  0    Dex: 12    Spells: 6/10 levels left

rFire   . . .        c - +0 dagger
rCold   . . .        (no shield)
rNeg    . . .        a - +0 robe
rPois   +            g - +0 helmet
rElec   .            q - +0 cloak
rCorr   .            (no gloves)
SInv    +            (no barding)
Will    .....        (no amulet)
Stlth   +++          (no ring)
HPRegen 0.27/turn    (no ring)
MPRegen 0.12/turn

%: no passive effects
@: very slow
A: AC +1, large, see invisible, deformed body, poison resistance, slowness 2,
spit poison 1, naga tail 1
a: Spit Poison, Renounce Religion, Purification


You were on level 3 of the Dungeon.
You worshipped Elyvilon.
Elyvilon was aware of your devotion.
You visited 1 branch of the dungeon, and saw 3 of its levels.

You collected 61 gold pieces.

Inventory:

Hand Weapons
 c - a +0 dagger (weapon)
Armour
 a - a +0 robe (worn)
 g - a +0 helmet (worn)
 q - a +0 cloak (worn)
Jewellery
 h - an amulet of magic regeneration
Scrolls
 d - 2 scrolls of vulnerability
 e - 2 scrolls of enchant weapon {unknown}
 f - 2 scrolls of teleportation {unknown}
 i - 2 scrolls of amnesia {unknown}
 j - 2 scrolls of silence
 m - a scroll of fog {unknown}
 o - a scroll of fear {unknown}
 p - a scroll of blinking {unknown}
Potions
 b - a potion of magic
 k - 2 potions of cancellation
 l - a potion of might {unknown}
 n - a potion of haste {unknown}


   Skills:
 - Level 1.5 Dodging
 + Level 5.7 Stealth
 + Level 3.4 Spellcasting
 + Level 5.0 Ice Magic


You had 6 spell levels left.
You knew the following spells:

 Your Spells              Type           Power      Damage    Failure   Level
a - Freeze                Ice            80%        1d9       2%          1
b - Frozen Ramparts       Ice            40%        1d7       6%          3

Your spell library contained the following spells:

 Spells                   Type           Power      Damage    Failure   Level
 Ozocubu's Armour         Ice            20%        N/A       6%          3
 Apportation              Tloc           4%         N/A       17%         1
 Summon Ice Beast         Ice/Summ       11%        N/A       19%         3
 Jinxbite                 Hex            4%         N/A       26%         2
 Volatile Blastmotes      Fire/Tloc      4%         2d10      45%         3
 Fulminant Prism          Conj/Alch      1%         3d5       86%         4
 Iskenderun's Mystic Bla  Conj/Tloc      2%         2d3       86%         4
 Alistair's Intoxication  Alch           1%         N/A       99%         5


Dungeon Overview and Level Annotations

Branches:
Dungeon (3/15)

Altars:
Elyvilon


Innate Abilities, Weirdness & Mutations

Your serpentine skin is tough. (AC +1)
You have supernaturally acute eyesight. (SInv)
Armour fits poorly on your strangely shaped body.
Your system is resistant to poisons. (rPois)
You cover ground very slowly.
You can spit poison.
You have a snake-like lower body.


Message History

Aiming: Freeze (safe; 2% risk of failure)
Press: ? - help, Shift-Dir - straight line, f/p - orc
Aim: an orc, wielding a +0 trident and wearing a +0 ring mail (moderately wounded)
You freeze the orc.
You kill the orc!
Casting: Freeze (safe; 2% risk of failure)
Confirm with . or Enter, or press ? or * to list all spells.
Aiming: Freeze (safe; 2% risk of failure)
Press: ? - help, Shift-Dir - straight line, f - orc priest
Aim: an orc priest, wielding a +0 short sword You freeze the orc priest!
The orc priest is heavily wounded.
The orc priest hits you with a +0 short sword.
* * * LOW HITPOINT WARNING * * *
Casting: Freeze (safe; 2% risk of failure)
Confirm with . or Enter, or press ? or * to list all spells.
Aiming: Freeze (safe; 2% risk of failure)
Press: ? - help, Shift-Dir - straight line, f/p - orc priest
Aim: an orc priest, wielding a +0 short sword (heavily wounded)
You freeze the orc priest.
The orc priest is heavily wounded.
The orc priest hits you with a +0 short sword.
* * * LOW HITPOINT WARNING * * *
Casting: Freeze (safe; 2% risk of failure)
Confirm with . or Enter, or press ? or * to list all spells.
Aiming: Freeze (safe; 2% risk of failure)
Press: ? - help, Shift-Dir - straight line, f/p - orc priest
Aim: an orc priest, wielding a +0 short sword (heavily wounded)
You freeze the orc priest.
The orc priest is almost dead.
The orc priest miscasts a cantrip.
You barely miss the orc priest.
The orc priest is almost dead.
The orc priest hits you with a +0 short sword.
* * * LOW HITPOINT WARNING * * *
You hit the orc priest.
The orc priest is almost dead.
The orc priest calls down the wrath of Beogh upon you.
Beogh smites you!
You die...

#.# #.# ..# ###
#.# #.## #)#
#..## #o# #...##
### #.#
####....###.###.#
#####
#...(...@#..o...#
#....
#.#####..o#.#####
#.### #.# #...#.#
#.# #.# #####.#
#.# #.# #.# #)#
#.#########.# #.#
#.#.......... #.#
#........#... #.#
###.####.# #.#


You could see an orc priest.

Vanquished Creatures
  2 orc wizards (D:3)
  4 adders
  2 ribbon worms
  8 dart slugs
  6 orcs (D:3)
  9 ball pythons
  6 endoplasms
  2 giant cockroaches
  7 goblins
  9 hobgoblins
  4 jackals (D:1)
  4 bats
  2 frilled lizards (D:1)
  5 kobolds (D:1)
  2 rats
72 creatures vanquished.

Notes
Turn   | Place    | Note
-------+----------+-------------------------------------------
     0 | D:1      | Arcadio the Naga Ice Elementalist began the quest for the
                  | Orb.
     0 | D:1      | Reached XP level 1. HP: 15/15 MP: 3/3
   127 | D:1      | Reached XP level 2. HP: 15/22 MP: 1/5
   441 | D:1      | Reached XP level 3. HP: 20/28 MP: 0/6
   737 | D:1      | Learned a level 3 spell: Frozen Ramparts
  1508 | D:2      | Reached XP level 4. HP: 20/36 MP: 1/8
  1594 | D:2      | Found a white marble altar of Elyvilon.
  1602 | D:2      | Became a worshipper of Elyvilon the Healer
  1896 | D:2      | Found a faded altar of an unknown god.
  1928 | D:2      | Reached skill level 5 in Stealth
  2388 | D:3      | Reached XP level 5. HP: 41/42 MP: 6/9
  2468 | D:3      | Reached * piety under Elyvilon
  2876 | D:3      | Reached skill level 5 in Ice Magic
  2890 | D:3      | HP: 2/42 [orc priest/+0 short sword (4)]
  2891 | D:3      | Killed from afar by an orc priest

Illustrated notes

Levels and vault maps discovered:
D:1:      amcnicky_arrival_feature_with_door, layout_basic, minmay_vboxes
D:2:      layout_basic, basic_altar, shapermc_ecumenical_altar_gd
D:3:      layout_basic, mainiacjoe_overflow_alcove_4,
          grunt_temple_overflow_diamond, minmay_tree_intersection

Skill      XL: |  1  2  3  4  5 |
---------------+----------------+-----
Stealth        | 4 5 |  5.7
Spellcasting   | 3 |  3.4
Ice Magic      | 5 |  5.0
Dodging        | |  1.5

Action                     |  1- 3 |  4- 6 || total
---------------------------+-------+-------++-------
  Melee: Dagger            |    51 |    35 ||    86
   Cast: Freeze            |    48 |    57 ||   105
Ability: Spit Poison       |     1 |       ||     1
    Use: Scroll            |     2 |     1 ||     3
   Stab: Sleeping          |     5 |     7 ||    12
 Armour: Robe              |    63 |    44 ||   107
  Dodge: Dodged            |    49 |    40 ||    89
